 Dungeon Crawl Stone Soup version 0.28-a0-563-gf77a47075d (webtiles) character file.

Game seed: 9475785635983571042

70221 Johnny the Warrior (level 14, -4/135 HPs)
             Began as a Red Draconian Ice Elementalist on Sept 30, 2021.
             Was a High Priest of Sif Muna.
             Slain by an orc knight (27 damage)
             ... on level 1 of the Orcish Mines.
             The game lasted 00:45:21 (28425 turns).

Johnny the Warrior (DrIE)                          Turns: 28425, Time: 00:45:22

Health: -4/135     AC: 14    Str:  6    XL:     14   Next: 93%
Magic:  5/31       EV: 12    Int: 23    God:    Sif Muna [*****.]
Gold:   1039       SH:  0    Dex: 17    Spells: 7/39 levels left

rFire   . . .      SeeInvis .   M - staff of cold
rCold   + + +      Faith    +   (no shield)
rNeg    . . .      Spirit   .   (armour unavailable)
rPois   .          Reflect  .   j - +2 hat {Int+3}
rElec   +          Harm     .   x - +0 cloak
rCorr   .          Rampage  .   (no gloves)
Will    ++...                   Y - +2 pair of boots "Homifok" {rC+ Slay+4 Stlth+}
Stlth   +++.......              N - amulet of faith
HPRegen 0.32/turn               l - ring of ice
MPRegen 0.22/turn               S - ring "Yjuteull" {rElec Will+ Str-4 Dex+4 Slay+6}

@: about to teleport, marked, very slightly contaminated, invisible
A: breathe fire, AC +8, unfitting armour, fire resistance 1, cold-blooded
a: Breathe Fire, Renounce Religion, Channel Magic, Forget Spell, Divine Exegesis


You were on level 1 of the Orcish Mines.
You worshipped Sif Muna.
Sif Muna was extremely pleased with you.
You visited 4 branches of the dungeon, and saw 20 of its levels.
You also visited: Gauntlet and Volcano.

You collected 2065 gold pieces.
You spent 1026 gold pieces at shops.

Inventory:

Hand Weapons
 W - the +8 dagger of Holun {venom, *Corrode rElec Int+6}
   (You found it in a Gauntlet)

   It poisons the flesh of those it strikes.
   Int:       It affects your intelligence (+6).
   rElec:     It insulates you from electricity.
   *Corrode:  It may corrode you when you take damage.
 Z - the +10 falchion of Toukarhu {flame, Fly rC+ Int+2}
   (You took it off a minotaur in a Gauntlet)

   It burns those it strikes, dealing additional fire damage.
   Big, fiery blades are also staple armaments of hydra-hunters.
   Int:       It affects your intelligence (+2).
   rC:        It protects you from cold.
   Fly:       It grants you flight.
Missiles
 u - 7 throwing nets
Armour
 j - a +2 hat of intelligence (worn)
 x - a +0 cloak (worn)
 O - a +0 kite shield
 Y - the +2 pair of boots "Homifok" (worn) {rC+ Slay+4 Stlth+}
   (You found it in a Gauntlet)

   Slay:      It affects your accuracy & damage with ranged weapons and melee
   (+4).
   rC:        It protects you from cold.
   Stlth:     It makes you more stealthy.
Magical Staves
 H - a staff of fire
 M - a staff of cold (weapon)
Jewellery
 g - a ring of resist corrosion
 l - a ring of ice (left hand)
 A - a ring of protection from cold
 N - an amulet of faith (around neck)
 S - the ring "Yjuteull" (right hand) {rElec Will+ Str-4 Dex+4 Slay+6}
   (You acquired it on level 11 of the Dungeon)

   [ring of willpower]

   Str:       It affects your strength (-4).
   Dex:       It affects your dexterity (+4).
   Slay:      It affects your accuracy & damage with ranged weapons and melee
   (+6).
   rElec:     It insulates you from electricity.
   Will:      It increases your willpower.
 V - a ring of see invisible
Wands
 i - a wand of acid (10)
 m - a wand of polymorph (14)
 y - a wand of flame (34)
 E - a wand of paralysis (15)
 U - a wand of iceblast (1)
Scrolls
 b - 3 scrolls of immolation
 c - 4 scrolls of blinking
 d - 2 scrolls of fear
 f - 3 scrolls of enchant armour
 k - 10 scrolls of teleportation
 n - 3 scrolls of identify
 o - 3 scrolls of holy word
 p - 10 scrolls of magic mapping
 s - 3 scrolls of fog
 t - a scroll of torment
 C - a scroll of summoning
 R - a scroll of vulnerability
 X - a scroll of brand weapon {unknown}
Potions
 a - 3 potions of lignification
 e - 4 potions of heal wounds
 h - 4 potions of flight
 r - 3 potions of haste
 z - 9 potions of curing
 D - 3 potions of brilliance
 F - a potion of cancellation {unknown}
 G - 4 potions of magic
 I - 5 potions of degeneration
 J - a potion of berserk rage
 K - 2 potions of mutation
 P - 3 potions of attraction
 Q - 2 potions of might {unknown}
 T - a potion of experience {unknown}
Miscellaneous
 q - a phantom mirror
 v - a phantom mirror
 L - a box of beasts


   Skills:
 + Level 15.5 Fighting
 - Level 1.7 Dodging
 - Level 1.7 Stealth
 + Level 1.6 Shields
 + Level 13.4 Spellcasting
 - Level 9.4 Fire Magic
 + Level 12.6 Ice Magic
 - Level 7.4 Invocations


You had 7 spell levels left.
You knew the following spells:

 Your Spells              Type           Power      Damage    Failure   Level
a - Freeze                Ice            100%       1d11      1%          1
b - Frozen Ramparts       Ice            100%       1d12      1%          3
c - Ozocubu's Armour      Ice            100%       N/A       1%          3
d - Blink                 Tloc           N/A        N/A       6%          2
e - Ozocubu's Refrigerat  Ice            52%        4d15      19%         7
f - Hailstorm             Conj/Ice       79%        3d16      3%          4
g - Stone Arrow           Conj/Erth      30%        3d8       12%         3
h - Fire Storm            Conj/Fire      18%        8d5       100%        9

Your spell library contained the following spells:

 Spells                   Type           Power      Damage    Failure   Level
 Animate Skeleton         Necr           30%        N/A       4%          1
 Apportation              Tloc           30%        N/A       4%          1
 Magic Dart               Conj           60%        1d6       4%          1
 Pain                     Necr           60%        1d7       4%          1
 Summon Small Mammal      Summ           60%        N/A       4%          1
 Corpse Rot               Necr/Air       N/A        N/A       6%          2
 Searing Ray              Conj           30%        2d5       6%          2
 Slow                     Hex            15%        N/A       6%          2
 Metabolic Englaciation   Hex/Ice        39%        N/A       9%          5
 Confusing Touch          Hex            15%        N/A       12%         3
 Gell's Gravitas          Tloc           7%         N/A       12%         3
 Teleport Other           Tloc           15%        N/A       12%         3
 Vampiric Draining        Necr           7%         2d7       12%         3
 Dispel Undead            Necr           15%        3d10      36%         4
 Fulminant Prism          Conj/Hex       7%         3d7       36%         4
 Leda's Liquefaction      Hex/Erth       7%         N/A       36%         4
 Petrify                  Tmut/Erth      15%        N/A       36%         4
 Iskenderun's Battlesphe  Conj           15%        2d7       73%         5
 Manifold Assault         Tloc           15%        N/A       73%         5
 Summon Forest            Summ/Tloc      7%         N/A       73%         5
 Iron Shot                Conj/Erth      7%         9d2       99%         6
 Statue Form              Tmut/Erth      10%        N/A       99%         6
 Storm Form               Tmut/Air       7%         N/A       100%        7
 Borgnjor's Revivificati  Necr           7%         N/A       100%        8
 Disjunction              Tloc           7%         N/A       100%        8
 Necromutation            Tmut/Necr      7%         N/A       100%        8
 Death's Door             Necr           7%         N/A       100%        9


Dungeon Overview and Level Annotations

Branches:
Dungeon (12/15)            Temple (1/1) D:6            Lair (6/6) D:9
 Shoals (0/4) Lair:3        Snake (0/4) Lair:3        Slime (0/5) Lair:6
    Orc (1/2) D:12        Volcano (visited)         Gauntlet (visited)

Altars:
Ashenzari
Cheibriados
Dithmenos
Elyvilon
Fedhas
Gozag
Hepliaklqana
Kikubaaqudgha
Makhleb
Nemelex Xobeh
Okawaru
Qazlal
Ru
Sif Muna
Trog
Uskayaw
Vehumet
Wu Jian
Xom
Yredelemnul
Zin
The Shining One
Jiyva

Shops:
D:1 ?   D:5 !   D:8 (   D:12 :=(?*

Portals:
Abyss: Lair:4

Annotations:
Lair:4 2 transporters, Mexzic's ghost, journeyman TeCj
Lair:6 3 runed translucent doors, KristoblXynda's ghost, journeyman SpBe; Suxt's ghost, journeyman DjFE
Orc:1 Harold; Jorgrun


Innate Abilities, Weirdness & Mutations

You can breathe blasts of fire.
Your fiery red scales are hard. (AC +8)
You cannot fit into any form of body armour.
Your flesh is heat resistant. (rF+)
You are cold-blooded and may be slowed by cold attacks.


Message History

Your surroundings seem slightly different.
Found a stone staircase leading down.
The orc knight roars a battlecry!
The orc priest calls upon Beogh to heal the orc knight.
The orc knight's wounds heal themselves!
Casting: Hailstorm (mildly dangerous; 3% risk of failure)
Confirm with . or Enter, or press ? or * to list all spells.
Casting: Hailstorm (mildly dangerous; 3% risk of failure)
Press: ? - help, Dir - look around, f - activate You feel a strong surge of power!
A cannonade of hail descends around you!
The hail pelts the rime drake!!
The rime drake partially resists.
You kill the rime drake!
Sif Muna accepts your kill.
The hail pelts the warg!!
You kill the warg!
Sif Muna accepts your kill.
You hear a grinding noise.
Your life force feels restored.
As you read the scroll of teleportation, it crumbles to dust.
You feel strangely unstable.
Jorgrun Earthshaker comes into view.
He is wielding a +0 vorpal quarterstaff and wearing a +2 robe of positive energy.
An orc comes into view. It is wielding a +0 club.
A troll comes into view.
The orc priest mumbles some strange prayers to Beogh against you.
Beogh smites you!
Your magical contamination has completely faded away.
You fade into invisibility!
Something hits you but does no damage.
You are very lightly contaminated with residual magic.
Casting: Hailstorm (mildly dangerous; 3% risk of failure)
Confirm with . or Enter, or press ? or * to list all spells.
Casting: Hailstorm (mildly dangerous; 3% risk of failure)
Press: ? - help, Dir - look around, f - activate You feel a strong surge of power!
You miscast Hailstorm.
Nothing appears to happen.
The orc knight hits you with a +0 long sword!!!
* * * LOW HITPOINT WARNING * * *
The orc knight hits you with a +0 great mace!!
You die...

### #..## #....#
###....# .
##......#.. ##
#........# # ##.###
#.......#.
##.##....##.#@$......
#....#....$o{oo.$....
#.......:..)T.......
##.......†..†o......
#.......<.oo.#......
#...#.#.og..#3...>..
#....###.#.T.........
.... #...........##
... ..#....


You could see Jorgrun, 2 orc knights, 2 trolls, a neqoxec (summoned), an orc
sorcerer (strong), 2 orc priests and 2 orcs.

Vanquished Creatures
  Rupert (Lair:3)
  A minotaur (Gauntlet)
  Snorg (D:10)
  8 hydras
  5 boulder beetles
  Erica (D:8)
  2 two-headed ogres
  3 death yaks (D:9)
  Urug (Lair:2)
  A hell hog (Volcano)
  Sonja (Lair:2)
  Nergalle (D:11)
  2 fire crabs
  The ghost of hfdsek the Geomancer, a novice GrEE of Vehumet (D:9)
  A goliath frog (Lair:6)
  A lindwurm (Lair:1)
  Pikel (D:8)
  4 ugly things
  2 wolf spiders (Lair:1)
  A deep elf pyromancer (D:12)
  An orc sorcerer (Orc:1)
  2 cyclopes
  10 elephants
  2 merfolk sirens (Lair:3)
  3 black mambas
  An apocalypse crab (Gauntlet)
  Psyche (D:8)
  Maggie (D:7)
  5 komodo dragons
  28 cane toads
  6 rime drakes
  An efreet (D:10)
  2 merfolk (Lair:3)
  4 polar bears
  3 tyrant leeches (Lair:6)
  A jumping spider (Lair:1)
  4 trolls
  A slime creature (D:9)
  7 dream sheep (Lair:6)
  30 blink frogs
  A vampire (D:12)
  A centaur simulacrum (D:11)
  A ynoxinul (D:9)
  33 yaks
  2 wraiths
  A shadow (D:5)
  3 wyverns
  A redback (Lair:1)
  10 fire bats
  Grum (D:11)
  A basilisk (Lair:4)
  A steam dragon (Volcano)
  7 vampire mosquitoes
  Menkaure (D:7)
  2 wargs (Orc:1)
  2 acid dragons
  4 nagas (Lair:3)
  2 hell hounds
  17 water moccasins
  4 orc warriors
  2 ogres
  2 black bears
  2 ice beasts
  2 centaurs
  17 wolves
  A phantom (D:5)
  2 lemures (D:8)
  4 kobold brigands
  Blork the orc (D:6)
  2 gnoll sergeants
  A scorpion (D:4)
  19 bullfrogs
  A wyvern zombie (D:9)
  10 killer bees
  9 wights
  A howler monkey (D:5)
  4 electric eels
  3 lava snakes (Lair:1)
  4 centaur zombies
  A jelly (D:4)
  A bullfrog zombie (D:7)
  3 hounds
  Crazy Yiuf (D:6)
  A bullfrog skeleton (D:5)
  7 orc priests
  Ijyb (D:4)
  An iguana (D:6)
  5 orc wizards
  7 hell rats (Lair:3)
  A killer bee zombie (D:7)
  9 gnolls
  3 adders
  A river rat (D:9)
  2 white imps (D:11)
  3 ufetubi
  3 adder skeletons
  2 worms (D:3)
  2 dart slugs
  42 orcs
  10 endoplasms
  8 giant cockroaches
  6 goblins
  9 hobgoblins
  5 jackals
  7 quokkas
  7 ball pythons
  7 bats
  5 frilled lizards
  22 kobolds
  11 rats
  A bush (Lair:6)
528 creatures vanquished.

Vanquished Creatures (collateral kills)
  3 death yaks (Lair:6)
  A rat (D:9)
4 creatures vanquished.

Vanquished Creatures (others)
  A wight (D:9)
  An orc (D:12)
  4 bushes (Lair:6)
  43 fungi
  118 plants
167 creatures vanquished.

Grand Total: 699 creatures vanquished

Notes
Turn   | Place    | Note
-------+----------+-------------------------------------------
     0 | D:1      | Johnny the Draconian Ice Elementalist began the quest for
                  | the Orb.
     0 | D:1      | Reached XP level 1. HP: 14/14 MP: 3/3
   306 | D:1      | Reached XP level 2. HP: 16/22 MP: 0/5
   315 | D:1      | Reached skill level 1 in Fighting
  1084 | D:1      | Found Waqeis's Magic Scroll Boutique.
  1235 | D:1      | Reached XP level 3. HP: 12/28 MP: 3/6
  1414 | D:1      | You fall into a shaft and drop 1 floor!
  2273 | D:1      | Reached skill level 2 in Fighting
  2522 | D:1      | Bought a scroll of identify for 24 gold pieces
  2764 | D:3      | Reached XP level 4. HP: 36/36 MP: 8/8
  3250 | D:4      | Noticed a scorpion
  3261 | D:4      | Killed a scorpion
  3262 | D:4      | Reached XP level 5. HP: 38/44 MP: 5/9
  3331 | D:4      | Found a broken altar of Ashenzari.
  3335 | D:4      | Reached skill level 3 in Fighting
  3335 | D:4      | Reached skill level 5 in Ice Magic
  3413 | D:4      | Learned a level 3 spell: Frozen Ramparts
  3417 | D:4      | Learned a level 3 spell: Ozocubu's Armour
  3469 | D:4      | Noticed a black bear
  3481 | D:4      | Killed a black bear
  3482 | D:4      | Reached XP level 6. HP: 39/52 MP: 2/11
  3699 | D:4      | Noticed Ijyb
  3735 | D:4      | Killed Ijyb
  4230 | D:5      | Entered Level 5 of the Dungeon
  4320 | D:5      | Reached skill level 4 in Fighting
  4502 | D:5      | Noticed a yak
  4502 | D:5      | Noticed a yak
  4502 | D:5      | Noticed a yak
  4509 | D:5      | Killed a yak
  4510 | D:5      | Your scales start taking on a fiery red colour.
  4510 | D:5      | Reached XP level 7. HP: 41/60 MP: 4/13
  4510 | D:5      | Gained mutation: Your flesh is heat resistant. (rF+) [Red
                  | Draconian growth]
  4528 | D:4      | Killed a yak
  4529 | D:4      | Reached skill level 5 in Fighting
  4529 | D:4      | Reached skill level 5 in Ice Magic
  4725 | D:4      | Learned a level 2 spell: Blink
  4742 | D:5      | Killed a yak
  4743 | D:5      | Reached skill level 5 in Spellcasting
  5114 | D:5      | Found Dimniun's Distillery.
  5123 | D:5      | Reached XP level 8. HP: 69/69 MP: 15/15
  5125 | D:5      | Bought a potion of curing for 36 gold pieces
  5374 | D:5      | Reached skill level 6 in Fighting
  5643 | D:6      | Found a staircase to the Ecumenical Temple.
  5694 | D:6      | Noticed Blork the orc
  5708 | Temple   | Entered the Ecumenical Temple
  5817 | D:6      | Killed Blork the orc
  6408 | D:6      | Reached skill level 7 in Fighting
  6765 | D:6      | Found a runed translucent door.
  6766 | D:6      | Noticed Crazy Yiuf
  6772 | D:6      | Killed Crazy Yiuf
  6864 | D:7      | Reached XP level 9. HP: 74/79 MP: 7/18
  6890 | D:7      | Learned a level 4 spell: Hailstorm
  7090 | D:7      | Found a sacrificial altar of Ru.
  7267 | D:7      | Found a shimmering blue altar of Sif Muna.
  7278 | D:7      | Found a snail-covered altar of Cheibriados.
  7278 | D:7      | Found a radiant altar of Vehumet.
  7278 | D:7      | Found an opulent altar of Gozag.
  7279 | D:7      | Found an ornate altar of the Wu Jian Council.
  7285 | D:7      | Became a worshipper of Sif Muna the Loreminder
  7291 | D:7      | Found a bloodstained altar of Trog.
  7326 | D:7      | Noticed Maggie
  7330 | D:7      | Killed Maggie
  7331 | D:7      | Reached skill level 8 in Fighting
  7408 | D:7      | Found a shadowy altar of Dithmenos.
  7535 | D:7      | Noticed Menkaure
  7537 | D:7      | Noticed a troll
  7540 | D:7      | Killed Menkaure
  7543 | D:7      | Killed a troll
  7996 | D:8      | Found Izxiabew's Hydra Hut.
  7997 | D:8      | Noticed a five-headed hydra
  8047 | D:8      | Noticed Pikel
  8057 | D:8      | Killed Pikel
  8161 | D:8      | Reached skill level 9 in Fighting
  8166 | D:8      | Reached XP level 10. HP: 78/91 MP: 17/21
  8296 | D:8      | Found a burning altar of Makhleb.
  8296 | D:8      | Found a hazy altar of Hepliaklqana.
  8297 | D:8      | Noticed Psyche
  8305 | D:8      | Killed Psyche
  8665 | D:8      | Reached * piety under Sif Muna
  8782 | D:8      | Noticed Erica
  8795 | D:8      | Killed Erica
  9093 | D:9      | Noticed hfdsek's ghost (novice GrEE)
  9099 | D:9      | Found a runed translucent door.
  9168 | D:9      | Noticed a death yak
  9168 | D:9      | Noticed a death yak
  9169 | D:9      | Found a staircase to the Lair.
  9169 | D:9      | Noticed a death yak
  9182 | D:9      | Killed a death yak
  9183 | D:9      | Reached skill level 10 in Fighting
  9186 | D:9      | Killed a death yak
  9191 | D:9      | Killed a death yak
  9510 | D:9      | Noticed a red ugly thing
  9511 | D:9      | Noticed a red ugly thing
  9511 | D:9      | Noticed a green ugly thing
  9520 | D:9      | Noticed a cyclops
  9522 | D:9      | Killed a green ugly thing
  9523 | D:9      | Reached XP level 11. HP: 79/101 MP: 10/24
  9525 | D:9      | Noticed a six-headed hydra
  9526 | D:9      | Killed a red ugly thing
  9526 | D:9      | Killed a red ugly thing
  9527 | D:9      | Reached skill level 11 in Fighting
  9530 | D:9      | Reached ** piety under Sif Muna
  9539 | D:9      | Killed a six-headed hydra
 10215 | D:9      | Found an iron altar of Okawaru.
 10939 | D:1      | Bought a scroll of magic mapping for 42 gold pieces
 10939 | D:1      | Bought a scroll of identify for 24 gold pieces
 10939 | D:1      | Bought a scroll of enchant armour for 90 gold pieces
 10939 | D:1      | Bought a scroll of teleportation for 36 gold pieces
 10939 | D:1      | Bought a scroll of blinking for 90 gold pieces
 10939 | D:1      | Bought a scroll of identify for 24 gold pieces
 10939 | D:1      | Bought a scroll of magic mapping for 42 gold pieces
 10939 | D:1      | Bought a scroll of identify for 24 gold pieces
 10939 | D:1      | Bought a scroll of noise for 12 gold pieces
 11106 | Lair:1   | Entered Level 1 of the Lair of Beasts
 11354 | Lair:1   | Reached skill level 10 in Spellcasting
 11382 | Lair:1   | Reached skill level 1 in Fire Magic
 11382 | Lair:1   | Reached skill level 1 in Invocations
 11635 | Lair:1   | Noticed an eight-headed hydra
 11645 | Lair:1   | Killed an eight-headed hydra
 12516 | Lair:1   | Found a runed translucent door.
 12708 | Lair:1   | Noticed a wolf spider
 12720 | Lair:1   | Killed a wolf spider
 12846 | Lair:1   | Found a runed translucent gate.
 12846 | Lair:1   | Found a runed translucent gate.
 12846 | Lair:1   | Found a runed translucent gate.
 12846 | Lair:1   | Found a runed translucent gate.
 12846 | Lair:1   | Found a runed translucent gate.
 12846 | Lair:1   | Found a runed translucent gate.
 12846 | Lair:1   | Noticed a wolf spider
 12846 | Lair:1   | Noticed a boulder beetle
 12846 | Lair:1   | Noticed a boulder beetle
 12846 | Lair:1   | Noticed a boulder beetle
 12846 | Lair:1   | Noticed a lindwurm
 12854 | Lair:1   | Killed a wolf spider
 13025 | Lair:1   | Killed a boulder beetle
 13026 | Lair:1   | Reached skill level 12 in Fighting
 13026 | Lair:1   | Killed a boulder beetle
 13027 | Lair:1   | Reached skill level 10 in Ice Magic
 13027 | Lair:1   | Reached XP level 12. HP: 67/112 MP: 13/26
 13029 | Lair:1   | Killed a boulder beetle
 13464 | Lair:2   | Noticed Urug
 13471 | Lair:2   | Killed Urug
 13677 | Lair:2   | Noticed a seven-headed hydra
 13689 | Lair:2   | Killed a seven-headed hydra
 13964 | Lair:2   | Reached skill level 5 in Fire Magic
 14067 | Lair:2   | Reached skill level 5 in Invocations
 14379 | Lair:2   | Reached *** piety under Sif Muna
 14685 | Lair:2   | Noticed Sonja
 14690 | Lair:2   | Killed Sonja
 15055 | Lair:3   | Noticed a six-headed hydra
 15083 | Lair:3   | Killed a six-headed hydra
 15084 | Lair:3   | Reached skill level 13 in Fighting
 15514 | Lair:3   | Found a staircase to the Snake Pit.
 15524 | Lair:3   | Reached XP level 13. HP: 113/122 MP: 12/28
 15855 | Lair:3   | Reached **** piety under Sif Muna
 16007 | Lair:3   | Found a staircase to the Shoals.
 16641 | Lair:3   | Noticed Rupert
 16692 | Lair:3   | Killed Rupert
 17350 | Lair:4   | Found a transporter.
 17410 | Lair:4   | Noticed a brown very ugly thing
 17411 | Lair:4   | Noticed Mexzic's ghost (journeyman TeCj)
 17447 | Lair:4   | Found a transporter.
 17467 | Lair:4   | Found a one-way gate to the infinite horrors of the Abyss.
 19814 | Lair:6   | Entered Level 6 of the Lair of Beasts
 19909 | Lair:6   | Found a dark tunnel.
 19956 | Volcano  | Entered a volcano
 20574 | Lair:6   | Reached skill level 14 in Fighting
 20821 | Lair:6   | Reached XP level 14. HP: 86/132 MP: 9/30
 20829 | Lair:6   | Learned a level 7 spell: Ozocubu's Refrigeration
 20946 | Lair:6   | Reached ***** piety under Sif Muna
 21656 | Lair:6   | Received a gift from Sif Muna
 21677 | Lair:6   | Got Sif Muna's Catalogue of Displacement {god gift}
 22178 | Lair:6   | Found a staircase to the Slime Pits.
 22178 | Lair:6   | Found a viscous altar of Jiyva.
 22739 | Lair:6   | Found a runed translucent gate.
 22739 | Lair:6   | Found a runed translucent gate.
 22741 | Lair:6   | Found a runed translucent gate.
 22745 | Lair:6   | Noticed KristoblXynda's ghost (journeyman SpBe)
 22745 | Lair:6   | Noticed Suxt's ghost (journeyman DjFE)
 23041 | D:9      | Killed hfdsek's ghost
 23063 | D:9      | Got the Catalogue of the Rocks
 23070 | D:9      | Learned a level 3 spell: Stone Arrow
 23314 | D:10     | Entered Level 10 of the Dungeon
 24642 | D:11     | Noticed Nergalle
 24648 | D:11     | Killed Nergalle
 24649 | D:11     | Identified a scroll of acquirement
 24650 | D:11     | Acquired the ring "Yjuteull" {rElec Will+ Str-4 Dex+4
                  | Slay+6}
 24688 | D:11     | Noticed Snorg
 24715 | D:10     | Killed Snorg
 24716 | D:10     | Reached skill level 15 in Fighting
 24764 | D:11     | Found a gate leading to a gauntlet.
 24772 | Gauntlet | Entered a Gauntlet
 24772 | Gauntlet | Found a transporter.
 24835 | Gauntlet | Found a transporter.
 24837 | Gauntlet | Found a transporter.
 24837 | Gauntlet | Found a transporter.
 24840 | Gauntlet | Found a transporter.
 24841 | Gauntlet | Found a transporter.
 24849 | Gauntlet | Found a transporter.
 24850 | Gauntlet | Found a transporter.
 24870 | Gauntlet | Found a transporter.
 24890 | Gauntlet | Found a transporter.
 24892 | Gauntlet | Found a transporter.
 24897 | Gauntlet | Noticed a quicksilver ooze
 24900 | Gauntlet | Found a transporter.
 25046 | Gauntlet | Received a gift from Sif Muna
 25055 | Gauntlet | Got Sif Muna's Collected Works on Lethal Stolen Souls {god
                  | gift}
 25057 | Gauntlet | Identified the +8 dagger of Holun {venom, *Corrode rElec
                  | Int+6}
 25328 | Gauntlet | Paralysed by you for 4 turns
 25355 | Gauntlet | Identified the +2 pair of boots "Homifok" {rC+ Slay+4
                  | Stlth+}
 25544 | Gauntlet | Identified the +10 falchion of Toukarhu {flame, Fly rC+
                  | Int+2}
 25596 | Gauntlet | Acquired 634 gold pieces
 26703 | D:11     | Noticed Grum
 26710 | D:11     | Killed Grum
 27289 | D:12     | Found a staircase to the Orcish Mines.
 27514 | D:12     | Found Hevuliama's Magic Scroll Shoppe.
 27518 | D:12     | Bought a scroll of magic mapping for 56 gold pieces
 27518 | D:12     | Bought a scroll of magic mapping for 56 gold pieces
 27518 | D:12     | Bought a scroll of magic mapping for 56 gold pieces
 27518 | D:12     | Bought a scroll of vulnerability for 120 gold pieces
 27537 | D:12     | Found Yvvev's Antique Weapon Boutique.
 27712 | D:12     | Found Ulit's Jewellery Shop.
 27852 | D:12     | Reached skill level 1 in Shields
 27889 | D:12     | Found Buutopoi's General Store.
 27892 | D:12     | Bought a potion of lignification for 42 gold pieces
 27892 | D:12     | Bought a potion of curing for 42 gold pieces
 27892 | D:12     | Bought a potion of brilliance for 56 gold pieces
 27892 | D:12     | Bought a potion of mutation for 112 gold pieces
 27892 | D:12     | Bought a scroll of teleportation for 42 gold pieces
 28161 | D:12     | Found Daxase Xiup's Book Boutique.
 28231 | D:12     | Learned a level 9 spell: Fire Storm
 28402 | Orc:1    | Entered Level 1 of the Orcish Mines
 28402 | Orc:1    | Noticed Harold
 28420 | Orc:1    | Received a gift from Sif Muna
 28423 | Orc:1    | Noticed Jorgrun
 28425 | Orc:1    | Slain by an orc knight

Illustrated notes

Levels and vault maps discovered:
D:1:      psy_arrival_terrarium, layout_loops_ring, serial_shops,
          nicolae_lakefront_shop
D:2:      layout_basic
D:3:      layout_loops_cross
D:4:      layout_basic, mainiacjoe_overflow_tiny_flanked, minmay_checkerbox,
          uniq_ijyb
D:5:      layout_loops_cross, serial_shops, shop
D:6:      layout_loops_ring, minmay_temple_entry_mist, serial_aquarium,
          aquarium_bridge_square [aquarium_subvault_balcony,
          aquarium_subvault_balcony, aquarium_subvault_bridge,
          aquarium_subvault_bridge], aquarium_window_corridor_1,
          aquarium_window_corner, aquarium_view_2d,
          hangedman_abyss_or_decor_stagger, uniq_blork_the_orc,
          uniq_crazy_yiuf_cottage
D:7:      layout_rooms, nicolae_ru_the_path_less_chosen, minitemple,
          mainiacjoe_overflow_24_doors, minmay_small_thing, uniq_maggie,
          uniq_menkaure
D:8:      layout_loops_ring, gammafunk_temple_overflow_statue,
          doesnt_shop_hydraphobe, uniq_psyche, uniq_pikel, uniq_erica
D:9:      minmay_blocky_corners, layout_basic,
          mainiacjoe_overflow_six_doors_small, dpeg_lair_monsters,
          hellmonk_ghost_big_iron, ebering_dispersal_statue_hall
D:10:     layout_basic, minmay_chambers_of_fives
D:11:     layout_small_grid, serial_ice, serial_ice_j, serial_ice_a,
          serial_ice_h, serial_ice_f, gauntlet_entry_generic, uniq_nergalle,
          uniq_snorg, uniq_grum
D:12:     layout_loops_ring, hiddenorc2_lemuel, serial_shops, shop,
          nicolae_shop_statue_plus, kennysheep_mini, shop_scrolls,
          shop_fountains, palyth_stone_intersect
Temple:   cyrus_temple_forest
Lair:1:   gammafunk_indiana_jones, layout_regular_city,
          infiniplex_staircase_pool_2
Lair:2:   layout_regular_city, lemuel_fruit_tree, uniq_sonja, uniq_urug
Lair:3:   layout_chaotic_city, elwin_shoals_entry_stream,
          minmay_snake_entry_guardpost_small, infiniplex_staircase_pool,
          uniq_rupert
Lair:4:   layout_hall_layers, gammafunk_ghost_abyssal_escape,
          grunt_megastairs_1, serial_bayou_shore_a
Lair:5:   layout_layer_cave, lemuel_fruit_fields
Lair:6:   minmay_lair_end_frog_pond, layout_concentric_octagons, slime_altar_1,
          gammafunk_ghost_cemetery, nicolae_volcano_entry_hallway
Orc:1:    layout_caves, portal_ice_cave_rime, mines2_lemuel, uniq_jorgrun,
          uniq_harold

Skill      XL: |  1  2  3  4  5  6  7  8  9 10 11 12 13 14 |
---------------+-------------------------------------------+-----
Fighting       | 1 2 3 4 5 7 9 10 12 13 14 15 | 15.5
Spellcasting   | 3 4 5 6 7 9 10 11 12 13 | 13.4
Ice Magic      | 5 4 5 6 7 9 10 11 12 | 12.6
Fire Magic     | 3 6 9 |  9.4
Invocations    | 3 6 7 |  7.4
Shields        | 1 |  1.6
Dodging        | |  1.7
Stealth        | |  1.7

Action                   |  1- 3 |  4- 6 |  7- 9 | 10-12 | 13-15 || total
-------------------------+-------+-------+-------+-------+-------++-------
Melee: Unarmed           |    14 |       |       |       |       ||    14
       Dagger            |   158 |   104 |    40 |       |       ||   302
       Tailslap          |    12 |    14 |     8 |    14 |    15 ||    63
       Whip              |       |       |    33 |    66 |     8 ||   107
       Trident           |       |       |       |    55 |     8 ||    63
       Staff             |       |       |       |       |   107 ||   107
 Cast: Freeze            |    17 |    36 |    70 |   148 |   199 ||   470
       Frozen Ramparts   |       |     3 |    19 |    46 |    47 ||   115
       Hailstorm         |       |       |     4 |    40 |   211 ||   255
       Ozocubu's Armour  |       |       |       |    14 |     8 ||    22
       Blink             |       |       |       |     1 |    60 ||    61
       Stone Arrow       |       |       |       |       |     6 ||     6
Invok: Channel Magic     |       |       |       |     1 |     5 ||     6
 Abil: Breathe Fire      |       |       |     4 |       |     1 ||     5
Evoke: Wand              |       |       |    19 |    39 |    58 ||   116
       Box of beasts     |       |       |       |       |     2 ||     2
  Use: Scroll            |       |     3 |     5 |    11 |    15 ||    34
       Potion            |       |       |       |     5 |     7 ||    12
 Stab: Sleeping          |     6 |     3 |     1 |       |     1 ||    11
Armor: Skin              |    50 |    42 |    64 |   200 |   249 ||   605
Dodge: Dodged            |   105 |    77 |    98 |   221 |   282 ||   783
Block: Other             |       |       |    16 |    99 |    22 ||   137
       Reflection        |       |       |       |       |     2 ||     2

Table legend: (Time is in decaauts)
 A = Elapsed time spent in this place.
 B = Non-inter-level travel time spent in this place.
 C = Inter-level travel time spent in this place.
 D = Time resting spent in this place.
 E = Time spent auto-exploring this place.
 F = Levels seen in this place.
 G = Mean time per level.
                   A        B        C        D        E       F      G
               +--------+--------+--------+--------+--------+-----+--------+
         Total |  28531 |  27338 |   1193 |   6840 |  16389 |  22 | 1296.9 |
       Dungeon |  15619 |  14756 |    863 |   2440 |  10219 |  12 | 1301.6 |
        Temple |     84 |     45 |     39 |      0 |     38 |   1 |   84.0 |
          Lair |  11406 |  11115 |    291 |   3875 |   5537 |   6 | 1901.0 |
  Orcish Mines |     22 |     22 |      0 |      0 |      0 |   1 |   22.0 |
       Volcano |    566 |    566 |      0 |    107 |    387 |   1 |  566.0 |
      Gauntlet |    831 |    831 |      0 |    418 |    208 |   1 |  831.0 |
               +--------+--------+--------+--------+--------+-----+--------+

Top non-repeatable levels by time:
  Lair:6: 2414 daAuts
  Lair:1: 2275 daAuts
     D:9: 2171 daAuts
  Lair:3: 1973 daAuts
     D:1: 1930 daAuts
  Lair:2: 1703 daAuts
  Lair:5: 1669 daAuts
    D:10: 1485 daAuts
    D:11: 1441 daAuts
  Lair:4: 1369 daAuts
    D:12: 1343 daAuts
     D:6: 1259 daAuts
     D:4: 1236 daAuts
     D:7: 1173 daAuts
     D:5: 1065 daAuts
